 Dungeon Crawl Stone Soup version 0.28.0-62-gf88900778d (webtiles) character file.

Game seed: 12394318572337004615

519 cbfl8 the Chopper (level 7, -7/61 HPs)
             Began as a Hill Orc Berserker on Sept 6, 2023.
             Was a Priest of Trog.
             Mangled by an ogre
             ... wielding a +0 giant spiked club
              (17 damage)
             ... on level 4 of the Dungeon.
             The game lasted 00:04:49 (5111 turns).

cbfl8 the Chopper (Hill Orc Berserker)              Turns: 5111, Time: 00:04:50

Health: -7/61      AC:  8    Str: 26    XL:     7   Next: 21%
Magic:  7/7        EV: 11    Int:  7    God:    Trog [***...]
Gold:   214        SH:  0    Dex: 12    Spells: 6/6 levels left

rFire   . . .      SeeInvis .   a - +1 hand axe
rCold   . . .      Faith    .   (no shield)
rNeg    + . .      Spirit   .   i - +3 leather armour "Nose" {Stlth+}
rPois   .          Reflect  .   h - +1 helmet
rElec   .          Harm     .   (no cloak)
rCorr   .          Rampage  .   (no gloves)
Will    ++...                   (no boots)
Stlth   ++........              (no amulet)
HPRegen 1.20/turn               k - ring of positive energy
MPRegen 0.10/turn               g - +6 ring of strength

@: strong-willed, on berserk cooldown, regenerating, slowed, very slow
A: no striking features
a: Renounce Religion, Berserk, Trog's Hand


You were on level 4 of the Dungeon.
You worshipped Trog.
Trog was most pleased with you.
You visited 1 branch of the dungeon, and saw 4 of its levels.

You collected 214 gold pieces.

Inventory:

Hand Weapons
 a - a +1 hand axe (weapon)
Armour
 h - a +1 helmet (worn)
 i - the +3 leather armour "Nose" (worn) {Stlth+}
   (You took it off an orc on level 3 of the Dungeon)

   Stlth:     It makes you more stealthy.
Jewellery
 g - a +6 ring of strength (right hand)
 k - a ring of positive energy (left hand)
Scrolls
 b - 2 scrolls of magic mapping
 f - a scroll of fog {unknown}
 j - a scroll of identify {unknown}
Potions
 c - a potion of haste {unknown}
 d - 2 potions of curing {unknown}
 e - 3 potions of might {unknown}


   Skills:
 + Level 5.1 Fighting
 + Level 7.1 Axes
 + Level 3.6 Armour
 - Level 1.5 Dodging
 * Level 3.0 Shields
 * Level 2.6 Evocations


You had 6 spell levels left.
You didn't know any spells.
Your spell library was empty.

Dungeon Overview and Level Annotations

Branches:
Dungeon (4/15)             Temple (0/1) D:4

Altars:
Xom


Message History

You feel a strong urge to attack something.
You see here a giant cockroach corpse.
You feel your anger nearly subside.
You are no longer berserk.
You are exhausted.
You feel yourself slow down.
An adder comes into view.
Found 27 arrows.
The ogre shouts!
There is an open door here.
The adder hisses angrily.
The adder bites you. The adder barely misses you.
You hit the adder.
The adder is lightly wounded.
The adder bites you but does no damage. x2
You barely miss the adder.
The adder is lightly wounded.
The adder barely misses you. The adder bites you.
You barely miss the adder.
The adder is lightly wounded.
The adder closely misses you. The ogre closely misses you.
The adder closely misses you.
You closely miss the adder.
The adder is lightly wounded.
You hit the ogre. The adder closely misses you.
The ogre hits you with a +0 giant spiked club!
The adder bites you but does no damage.
Your skin crawls.
You feel strong-willed. The adder bites you. The ogre barely misses you.
The adder misses you.
You hit the ogre.
The ogre is heavily wounded.
You hit the adder.
The ogre hits you with a +0 giant spiked club!
* * * LOW HITPOINT WARNING * * *
The adder bites you.
* * * LOW HITPOINT WARNING * * *
The adder bites you but does no damage. The adder bites you.
* * * LOW HITPOINT WARNING * * *
The ogre hits you with a +0 giant spiked club!
You die...

#.. #### #... ... ...
#.# ######## # ##.#
#......# ##
######..#####......####.
.......S....'....†.)..'.
#####.@O...#......####.
#......#....).# #.
..'..(...#......# ##
###......#...O(.# #
#......#........ .
############.......
#....... #.......
#....w..


You could see an ogre and an adder.

Vanquished Creatures
  A black bear (D:3)
  A necrophage (D:4)
  An ogre (D:4)
  A phantom (D:3)
  An iguana (D:3)
  Robin (D:4)
  3 adders
  2 worms
  4 orcs (D:3)
  4 ball pythons
  6 bats
  10 endoplasms
  9 giant cockroaches
  19 goblins
  7 hobgoblins
  4 jackals (D:1)
  7 kobolds
  5 quokkas
  7 frilled lizards
  5 rats
98 creatures vanquished.

Vanquished Creatures (collateral kills)
  An endoplasm (D:1)
1 creature vanquished.

Grand Total: 99 creatures vanquished

Notes
Turn   | Place    | Note
-------+----------+-------------------------------------------
     0 | D:1      | cbfl8 the Hill Orc Berserker began the quest for the Orb.
     0 | D:1      | Reached XP level 1. HP: 19/19 MP: 1/1
   287 | D:1      | Reached XP level 2. HP: 18/27 MP: 2/2
   427 | D:1      | Found a faded altar of an unknown god.
   970 | D:1      | Reached skill level 1 in Shields
  1218 | D:1      | Reached XP level 3. HP: 30/33 MP: 3/3
  1230 | D:1      | Reached ** piety under Trog
  1924 | D:2      | Reached skill level 1 in Evocations
  2300 | D:2      | You fall into a shaft and drop 1 floor!
  2367 | D:3      | Noticed a black bear
  2369 | D:3      | Reached XP level 4. HP: 37/40 MP: 4/4
  2513 | D:3      | Noticed a phantom
  2981 | D:3      | Reached skill level 5 in Axes
  3013 | D:3      | Identified the +3 leather armour "Nose" {Stlth+}
  3021 | D:3      | Reached XP level 5. HP: 36/47 MP: 5/5
  3324 | D:3      | Killed a phantom
  3414 | D:3      | Reached *** piety under Trog
  3426 | D:3      | Found a shimmering altar of Xom.
  3426 | D:3      | Found a shimmering altar of Xom.
  3427 | D:3      | Found a shimmering altar of Xom.
  3428 | D:3      | Found a shimmering altar of Xom.
  3428 | D:3      | Found a shimmering altar of Xom.
  3428 | D:3      | Found a shimmering altar of Xom.
  3443 | D:3      | Killed a black bear
  3444 | D:3      | Reached skill level 6 in Axes
  3444 | D:3      | Reached XP level 6. HP: 55/55 MP: 6/6
  3503 | D:3      | Found a shimmering altar of Xom.
  3957 | D:4      | Noticed a necrophage
  3968 | D:4      | Killed a necrophage
  4038 | D:4      | Noticed Robin
  4196 | D:4      | Killed Robin
  4205 | D:4      | Reached skill level 5 in Fighting
  4726 | D:4      | Found a staircase to the Ecumenical Temple.
  5082 | D:4      | Reached XP level 7. HP: 51/61 MP: 7/7
  5090 | D:4      | Reached skill level 7 in Axes
  5111 | D:4      | Mangled by an ogre

Illustrated notes

Levels and vault maps discovered:
D:1:      minmay_arrival_wavy_path, layout_basic,
          shapermc_ecumenical_altar_pompeii, amcnicky_mini_corridor_feature,
          corexii_corridor_pit
D:2:      layout_loops_corners
D:3:      minmay_bubble_buster, layout_loops_ring, nicolae_xom_altar_mimics,
          grunt_ministairs_4
D:4:      layout_basic, minmay_temple_entry_large_hall, uniq_robin,
          uniq_crazy_yiuf_cottage

Skill      XL: |  1  2  3  4  5  6  7 |
---------------+----------------------+-----
Fighting       | 4 5 |  5.1
Shields        | 1 2 3 |  3.0
Evocations     | 1 2 |  2.6
Axes           | 5 6 7 |  7.1
Armour         | 3 |  3.6
Dodging        | |  1.5

Action                   |  1- 3 |  4- 6 |  7- 9 || total
-------------------------+-------+-------+-------++-------
Melee: Hand axe          |   118 |   151 |    13 ||   282
       Punch             |       |     4 |       ||     4
Invok: Berserk           |       |     3 |     1 ||     4
       Trog's Hand       |       |       |     1 ||     1
  Use: Scroll            |     3 |     5 |       ||     8
 Stab: Sleeping          |     1 |       |       ||     1
Armor: Animal skin       |    17 |       |       ||    17
       Ring mail         |    12 |    21 |       ||    33
       Leather armour    |       |    42 |     9 ||    51
Dodge: Dodged            |    79 |    91 |    15 ||   185
